 Dungeon Crawl Stone Soup version 0.29.1-15-g9cfb28693d (webtiles) character file.

Game seed: 2656473814682795213

39 Thatpatchoflichen the Slasher (level 3, 0/29 HPs)
             Began as a Human Monk on Mar 5, 2023.
             Slain by a gnoll
             ... wielding a +0 whip
              (2 damage)
             ... on level 1 of the Dungeon.
             The game lasted 00:02:16 (1927 turns).

Thatpatchoflichen the Slasher (Human Monk)          Turns: 1927, Time: 00:02:17

Health: 0/29       AC:  3    Str: 11    XL:     3   Next: 70%
Magic:  3/3        EV: 12    Int: 10    God:
Gold:   42         SH:  0    Dex: 17    Spells: 2/2 levels left

rFire   . . .      SeeInvis .   a - +0 falchion
rCold   . . .      Faith    .   (no shield)
rNeg    . . .      Spirit   .   h - +0 leather armour
rPois   .          Reflect  .   (no helmet)
rElec   .          Harm     .   (no cloak)
rCorr   .          Rampage  .   (no gloves)
Will    +....                   (no boots)
Stlth   ++........              (no amulet)
HPRegen 0.09/turn               i - ring of willpower
MPRegen 0.08/turn               (no ring)

@: no status effects
A: no striking features
a: no special abilities


You were on level 1 of the Dungeon.
You visited 1 branch of the dungeon, and saw 2 of its levels.

You collected 42 gold pieces.

Inventory:

Hand Weapons
 a - a +0 falchion (weapon)
Armour
 b - a +0 robe
 h - a +0 leather armour (worn)
Jewellery
 i - a ring of willpower (left hand)
 j - a ring of wizardry
Scrolls
 d - a scroll of identify {unknown}
 f - a scroll of blinking {unknown}
 k - a scroll of butterflies {unknown}
Potions
 c - a potion of ambrosia
 e - 2 potions of flight {unknown}
 g - 2 potions of heal wounds {unknown}
 l - a potion of degeneration {unknown}


   Skills:
 - Level 3.0 Fighting
 + Level 4.2 Long Blades
 + Level 1.0 Armour
 - Level 3.0 Dodging
 - Level 2.0 Stealth


You had 2 spell levels left.
You didn't know any spells.
Your spell library was empty.

Dungeon Overview and Level Annotations

Branches:
Dungeon (2/15)

Altars:


Message History

The gnoll hits you with a +0 whip. The gnoll attacks as you move away!
The gnoll barely misses you.
Found a silvery potion.
The gnoll barely misses you.
There is a stone staircase leading up here.
The gnoll closely misses you.
You climb upwards.
There is a stone staircase leading down here.
You start resting.
HP restored.
You climb downwards.
The gnoll hits you but does no damage. The gnoll hits you with a +0 whip!
There is a stone staircase leading up, spattered with blood here.
The gnoll hits you with a +0 whip.
You climb upwards.
There is a stone staircase leading down here.
You hit the gnoll.
The gnoll is moderately wounded.
The gnoll hits you with a +0 whip.
You completely miss the gnoll.
The gnoll is moderately wounded.
The gnoll misses you.
You hit the gnoll.
The gnoll is severely wounded.
The gnoll completely misses you.
You completely miss the gnoll.
The gnoll is severely wounded.
The gnoll hits you with a +0 whip.
You hit the gnoll.
The gnoll is almost dead.
The gnoll hits you with a +0 whip.
* * * LOW HITPOINT WARNING * * *
You barely miss the gnoll.
The gnoll is almost dead.
The gnoll barely misses you. The gnoll hits you with a +0 whip.
* * * LOW HITPOINT WARNING * * *
You hit the gnoll but do no damage.
The gnoll is almost dead.
The gnoll hits you with a +0 whip.
You die...

################ .......#.......#
#......#.......# .......'.......#
..##########...# ###
..#....+...#...# #..
..#....#...#...######## #.#
..#....'...#...#@g....# #.#
..#....###'#'###....#.# #.#
'###'####..#...#.##.#.### #.#
..#...#<'..#...#..#.....## #.#
..#...######...##.....#..## #.#
..#.....#......###....##..#####.#
..#.....'....#.# ####..##..#....)
..#.....#......# #.........#.#
..############## #.###.##.....


You could see a gnoll.

Vanquished Creatures
  An adder (D:2)
  A dart slug (D:1)
  3 endoplasms (D:1)
  A giant cockroach (D:2)
  4 goblins (D:1)
  3 hobgoblins (D:1)
  2 quokkas (D:1)
  A ball python (D:1)
  A frilled lizard (D:1)
  4 kobolds (D:1)
  5 rats (D:1)
26 creatures vanquished.

Notes
Turn   | Place    | Note
-------+----------+-------------------------------------------
     0 | D:1      | Thatpatchoflichen the Human Monk began the quest for the
                  | Orb.
     0 | D:1      | Reached XP level 1. HP: 18/18 MP: 1/1
   379 | D:1      | Reached XP level 2. HP: 13/24 MP: 2/2
   992 | D:1      | Reached skill level 4 in Long Blades
   992 | D:1      | Reached XP level 3. HP: 22/29 MP: 3/3
  1705 | D:2      | Reached skill level 1 in Armour
  1927 | D:1      | Slain by a gnoll

Illustrated notes

Levels and vault maps discovered:
D:1:      minmay_arrival_widening_spiral_wide, layout_basic
D:2:      layout_rooms, hellmonk_ecumenical_altar_watching_god,
          nicolae_grassy_gnolls

Skill      XL: |  1  2  3 |
---------------+----------+-----
Long Blades    | 4 |  4.2
Armour         | 1 |  1.0
Fighting       | |  3.0
Dodging        | |  3.0
Stealth        | |  2.0

Action                   || total
-------------------------++-------
Melee: Falchion          ||    96
       Punch             ||     1
 Stab: Sleeping          ||     2
Armor: Robe              ||     9
       Leather armour    ||     5
Dodge: Dodged            ||    64
